 Dungeon Crawl Stone Soup version 0.20.0-15-g7f486f2 (webtiles) character file.

20485 botchamania the Martial Artist (level 12, 0/86 HPs)
             Began as an Octopode Transmuter on June 27, 2017.
             Was a Priest of Okawaru.
             Slain by a two-headed ogre
             ... wielding a +0 giant club
              (13 damage)
             ... on level 10 of the Dungeon.
             The game lasted 00:49:40 (12501 turns).

botchamania the Martial Artist (OpTm)              Turns: 12501, Time: 00:49:41

Health: 0/86       AC:  2    Str: 11    XL:     12   Next: 80%
Magic:  17/24      EV: 16    Int: 16    God:    Okawaru [***...]
Gold:   407        SH:  0    Dex: 20    Spells: 8/28 levels left

rFire    . . .     SeeInvis .     - Unarmed
rCold    + . .     Gourm    .   (shield currently unavailable)
rNeg     . . .     Faith    .   (helmet currently unavailable)
rPois    x         Spirit   .   T - +3 amulet of reflection
rElec    .         Reflect  +   k - ring of wizardry
rCorr    .         Harm     .   n - ring of protection from cold
MR       .....                  O - ring of stealth
Stlth    +++.......             (no ring)
Regen    0.3/turn               (no ring)
MPRegen  0.2/turn               (no ring)
                                (no ring)
                                (no ring)

@: about to teleport, spider-form (expiring), held
A: almost no armour, stealthy swim, (amphibious), 8 rings, (constrict 8)
a: End Transformation, Heroism, Renounce Religion


You were on level 10 of the Dungeon.
You worshipped Okawaru.
Okawaru was most pleased with you.
You were not hungry.
You were a venomous arachnid creature.
You visited 2 branches of the dungeon, and saw 12 of its levels.
You also visited: Sewer and Ossuary.

You collected 626 gold pieces.
You spent 219 gold pieces at shops.

Inventory:

Missiles
 a - 230 arrows
 e - 248 stones (quivered)
 g - 2 throwing nets
 m - 7 curare-tipped needles
Armour
 H - a +2 buckler of cold resistance (melded)
Jewellery
 k - a ring of wizardry (left front leg)
 n - a ring of protection from cold (right front leg)
 O - a ring of stealth (on tentacle)
 R - an uncursed ring of stealth
 T - a +3 amulet of reflection (around neck)
Wands
 d - a wand of flame (36/48)
 F - a wand of lightning (5/15)
 N - a wand of random effects (23/48)
 Q - a wand of flame (1/48)
 S - a wand of lightning (9/15)
Scrolls
 f - 9 scrolls of remove curse
 h - 2 scrolls of teleportation
 l - 4 scrolls of enchant armour
 o - 2 scrolls of identify
 p - 2 scrolls of fog
 t - 2 scrolls of immolation
 w - a scroll of fear
 y - 5 scrolls of amnesia
 C - a scroll of blinking
 D - a scroll of vulnerability {unknown}
 E - a scroll of recharging
 L - a scroll of torment
Potions
 c - 3 potions of haste
 j - a potion of magic
 q - 2 potions of flight
 r - 2 potions of curing
 s - 2 potions of mutation
 v - a potion of resistance
 x - a potion of agility
 B - a potion of might
 G - a potion of invisibility
 M - a potion of lignification
Books
 b - a book of Changes

   Spells                             Type                      Level
   a - Beastly Appendage              Transmutation                1
   b - Sticks to Snakes               Transmutation                2
   c - Spider Form                    Transmutation/Poison         3
   d - Ice Form                       Ice/Transmutation            4
   e - Blade Hands                    Transmutation                5
 u - a book of Cantrips

   Spells                             Type                      Level
   a - Confusing Touch                Hexes                        1
   b - Animate Skeleton               Necromancy                   1
   c - Summon Small Mammal            Summoning                    1
   d - Apportation                    Translocation                1
 I - a book of Callings

   Spells                             Type                      Level
   a - Summon Small Mammal            Summoning                    1
   b - Call Imp                       Summoning                    2
   c - Call Canine Familiar           Summoning                    3
   d - Summon Guardian Golem          Hexes/Summoning              3
   e - Summon Lightning Spire         Summoning/Air                4
   f - Summon Ice Beast               Ice/Summoning                4
 J - a book of Clouds

   Spells                             Type                      Level
   a - Poisonous Vapours              Poison/Air                   2
   b - Mephitic Cloud                 Conjuration/Poison/Air       3
   c - Conjure Flame                  Conjuration/Fire             3
   d - Freezing Cloud                 Conjuration/Ice/Air          6
   e - Ring of Flames                 Charms/Fire                  7
 K - a Young Poisoner's Handbook

   Spells                             Type                      Level
   a - Sting                          Conjuration/Poison           1
   b - Poisonous Vapours              Poison/Air                   2
   c - Mephitic Cloud                 Conjuration/Poison/Air       3
   d - Olgreb's Toxic Radiance        Poison                       4
   e - Venom Bolt                     Conjuration/Poison           5
Comestibles
 i - 2 meat rations
 z - 6 chunks of flesh
 A - 6 bread rations
 P - 24 fruits


   Skills:
 - Level 9.5 Fighting
 - Level 10.0 Dodging
 + Level 1.3 Shields
 + Level 11.0 Unarmed Combat
 - Level 8.5 Spellcasting
 - Level 7.9 Transmutations
 - Level 4.0 Poison Magic


You had 8 spell levels left.
You knew the following spells:

 Your Spells              Type           Power        Failure   Level  Hunger
a - Beastly Appendage     Tmut           ####..       1%          1    None
b - Sticks to Snakes      Tmut           ####....     1%          2    None
c - Spider Form           Tmut/Pois      ####......   4%          3    #......
d - Ice Form              Ice/Tmut       ###.....     17%         4    ###....
e - Blade Hands           Tmut           ####......   11%         5    #####..
f - Poisonous Vapours     Pois/Air       ##....       8%          2    None
g - Mephitic Cloud        Conj/Pois/Air  ##......     16%         3    #......


Dungeon Overview and Level Annotations

Branches:
Dungeon (11/15)            Temple (1/1) D:5
   Lair: D:8-11         Orc: D:9-12

Altars:
Ashenzari
Elyvilon
Fedhas
Gozag
Hepliaklqana
Nemelex Xobeh
Okawaru
Qazlal
Sif Muna
Trog
Uskayaw
Vehumet
Xom
Yredelemnul
Zin

Shops:
D:9 =

Annotations:
D:3 Jessica
D:5 exclusion: statue
D:10 Harold, Sonja


Innate Abilities, Weirdness & Mutations

You cannot wear most types of armour.
You are very stealthy in the water. (Stealth+)
((You are amphibious.))
You can wear up to eight rings at the same time.
((You can use your tentacles to constrict eight enemies at once.))
((Your skin changes colour to match your surroundings (Stealth+).))
((Your rubbery body absorbs attacks. (AC +1, EV +1)))


Message History

Found a throwing net, a potion of mutation and 13 gold pieces. 2 hell hounds come into view.
There is a stone staircase leading down here.
Unknown command.
Okay, then.
As you read the scroll of teleportation, it crumbles to dust.
You feel strangely unstable.
Harold throws a throwing net.
The throwing net completely misses you.
The two-headed ogre completely misses you. x2
Unknown command.
Harold throws a throwing net.
The throwing net barely misses you.
Your transformation is almost over.
Harold throws a throwing net.
The throwing net hits you.
You become entangled in the net!
You see here a throwing net.
You tear a large gash into the net.
The two-headed ogre hits you with a giant club!
* * * LOW HITPOINT WARNING * * *
The two-headed ogre hits you with a giant spiked club!
You die...

###..≈≈≈≈.≈.
#.......≈≈..
#...$......
#........#
#........#
#...!..h.#
#..(>....#.#
#..(O....@.#
#...s....###
#####.####
.# .# .. #+


You could see Harold, a two-headed ogre and a hell hound.

Vanquished Creatures
  The ghost of Terandir the Cleaver, a novice MiFi of Cheibriados (D:9)
  2 two-headed ogres (D:9)
  A manticore (D:8)
  3 trolls
  Grinder (D:5)
  A hippogriff (D:8)
  2 wyverns (D:9)
  Sigmund (D:4)
  5 yaks (D:9)
  2 hungry ghosts
  Eustachio (D:4)
  Duvessa (D:5)
  3 ice beasts
  3 orc warriors
  2 sky beasts
  A black bear (D:8)
  2 phantoms
  2 necrophages
  5 ogres
  5 centaurs
  6 big kobolds
  5 bullfrogs
  A gnoll sergeant (D:8)
  Dowan (D:5)
  5 scorpions
  9 killer bees (D:9)
  7 howler monkeys
  4 wights (D:8)
  2 jellies
  A crimson imp (D:7)
  4 hounds
  2 quasits
  2 bullfrog skeletons
  An orc priest (D:5)
  3 iguanas
  Natasha (D:4)
  10 orc wizards
  11 worker ants
  A big kobold zombie (Ossuary)
  6 mummies (Ossuary)
  A worker ant zombie (D:7)
  4 gnolls
  13 adders
  5 river rats
  3 shadow imps
  8 oozes
  An adder zombie (D:9)
  2 adder skeletons
  4 worms
  4 dart slugs
  7 leopard geckos
  29 orcs
  6 ball pythons
  6 giant cockroaches
  6 goblins
  5 hobgoblins
  A jackal (D:2)
  11 kobolds
  4 quokkas
  8 bats
  5 frilled lizards
  A giant cockroach zombie (D:5)
  A gnoll zombie (Ossuary)
  2 goblin zombies (D:5)
  2 hobgoblin zombies (Ossuary)
  An orc zombie (Ossuary)
  A quokka skeleton (D:8)
  18 rats
285 creatures vanquished.

Vanquished Creatures (collateral kills)
  Natasha (D:4)
1 creature vanquished.

Grand Total: 286 creatures vanquished

Notes
Turn   | Place    | Note
-------+----------+-------------------------------------------
     0 | D:1      | botchamania the Octopode Transmuter began the quest for the Orb.
     0 | D:1      | Reached XP level 1. HP: 13/13 MP: 3/3
   202 | D:1      | Reached XP level 2. HP: 13/18 MP: 3/5
   491 | D:1      | Learned a level 2 spell: Sticks to Snakes
   599 | D:1      | Reached XP level 3. HP: 22/23 MP: 4/6
   614 | D:1      | Learned a level 3 spell: Spider Form
  1023 | D:2      | Reached XP level 4. HP: 19/28 MP: 2/7
  1414 | D:3      | Found a white marble altar of Elyvilon.
  1585 | D:3      | Noticed Jessica
  1632 | D:4      | Noticed Sigmund
  1658 | D:4      | Killed Sigmund
  1658 | D:4      | Reached XP level 5. HP: 11/36 MP: 4/8
  1658 | D:4      | Reached XP level 6. HP: 13/41 MP: 4/9
  1885 | D:4      | Found a glowing drain.
  1896 | D:4      | Reached skill level 4 in Unarmed Combat
  1932 | Sewer    | Entered a sewer
  2664 | Sewer    | Reached XP level 7. HP: 31/47 MP: 7/10
  2885 | Sewer    | HP: 2/47 [poisoned by an adder]
  2893 | Sewer    | HP: 1/47 [poisoned by an adder]
  3573 | D:4      | Reached skill level 5 in Unarmed Combat
  3608 | D:4      | Reached XP level 8. HP: 48/54 MP: 5/11
  3620 | D:4      | Learned a level 4 spell: Ice Form
  3639 | D:4      | Reached skill level 5 in Fighting
  3639 | D:4      | Reached skill level 5 in Dodging
  3681 | D:4      | Found a hazy altar of Hepliaklqana.
  4245 | D:4      | Noticed Natasha
  4249 | D:4      | Killed Natasha
  4324 | D:4      | Reached skill level 6 in Unarmed Combat
  4442 | D:4      | Noticed Natasha
  4450 | D:4      | Killed Natasha
  4610 | D:5      | Entered Level 5 of the Dungeon
  4620 | D:5      | Noticed Eustachio
  4643 | D:4      | Killed Eustachio
  4955 | D:5      | Noticed Grinder
  4980 | D:5      | Found a sand-covered staircase.
  4982 | D:5      | Reached XP level 9. HP: 10/62 MP: 9/12
  5042 | Ossuary  | Entered an ossuary
  5479 | D:5      | Noticed Dowan
  5603 | D:5      | Noticed Duvessa
  5621 | D:5      | Killed Duvessa
  5629 | D:5      | Killed Dowan
  6031 | D:5      | Found a radiant altar of Vehumet.
  6152 | D:5      | Found a staircase to the Ecumenical Temple.
  6171 | Temple   | Entered the Ecumenical Temple
  6241 | Temple   | Became a worshipper of Warmaster Okawaru
  6302 | D:5      | Killed Grinder
  6302 | D:5      | Reached skill level 5 in Spellcasting
  6810 | D:5      | Learned a level 5 spell: Blade Hands
  7441 | D:6      | Reached * piety under Okawaru
  7458 | D:6      | Reached skill level 7 in Unarmed Combat
  7665 | D:6      | Found a shimmering altar of Xom.
  8168 | D:6      | Found a bloodstained altar of Trog.
  8306 | D:7      | Found a stormy altar of Qazlal.
  8566 | D:7      | Reached XP level 10. HP: 62/71 MP: 13/19
  9030 | D:7      | Reached skill level 8 in Unarmed Combat
  9030 | D:7      | Reached skill level 5 in Transmutations
  9030 | D:7      | Reached XP level 11. HP: 65/78 MP: 19/22
  9031 | D:7      | Reached skill level 9 in Unarmed Combat
  9031 | D:7      | Reached XP level 12. HP: 72/86 MP: 19/24
  9855 | D:8      | Reached skill level 10 in Unarmed Combat
 10243 | D:8      | Learned a level 2 spell: Poisonous Vapours
 10283 | D:8      | Reached ** piety under Okawaru
 10878 | D:9      | Noticed a two-headed ogre
 10892 | D:9      | Killed a two-headed ogre
 10892 | D:9      | Reached skill level 1 in Poison Magic
 11397 | D:9      | Noticed a two-headed ogre
 11414 | D:9      | Killed a two-headed ogre
 11537 | D:9      | Found Qibu's Jewellery Emporium.
 11550 | D:9      | Bought a +3 amulet of reflection for 219 gold pieces
 11571 | D:9      | Noticed Terandir's ghost (novice MiFi)
 11584 | D:9      | Killed Terandir's ghost
 11584 | D:9      | Reached *** piety under Okawaru
 11584 | D:9      | Reached skill level 10 in Dodging
 11849 | D:9      | Reached skill level 11 in Unarmed Combat
 11919 | D:9      | Found a deep blue altar of Sif Muna.
 11976 | D:10     | Entered Level 10 of the Dungeon
 12035 | D:10     | Learned a level 3 spell: Mephitic Cloud
 12060 | D:10     | Noticed Sonja
 12222 | D:10     | Reached skill level 1 in Shields
 12497 | D:10     | Noticed Harold
 12497 | D:10     | Noticed a two-headed ogre
 12501 | D:10     | Slain by a two-headed ogre

Skill      XL: |  1  2  3  4  5  6  7  8  9 10 11 12 |
---------------+-------------------------------------+-----
Transmutations | 3 5 7 |  7.9
Fighting       | 2 3 4 6 7 8 9 |  9.5
Dodging        | 3 4 6 8 9 10 | 10.0
Unarmed Combat | 4 5 6 7 8 9 11 | 11.0
Spellcasting   | 6 7 8 |  8.5
Poison Magic   | 4 |  4.0
Shields        | 1 |  1.3

Action                   |  1- 3 |  4- 6 |  7- 9 | 10-12 || total
-------------------------+-------+-------+-------+-------++-------
Melee: Unarmed           |    84 |   143 |   403 |   320 ||   950
       Constrict         |    18 |    12 |    27 |    12 ||    69
       Kick              |    13 |       |       |     1 ||    14
       Tentacles         |     6 |     9 |    18 |     8 ||    41
       Punch             |     1 |     3 |    10 |     2 ||    16
 Cast: Beastly Appendage |    12 |       |     2 |     2 ||    16
       Spider Form       |     6 |    13 |    47 |    39 ||   105
       Sticks to Snakes  |       |       |     6 |     8 ||    14
       Blade Hands       |       |       |       |     6 ||     6
       Mephitic Cloud    |       |       |       |     4 ||     4
       Ice Form          |       |       |       |     3 ||     3
       Poisonous Vapours |       |       |       |     1 ||     1
Invok: Heroism           |       |       |       |    10 ||    10
Evoke: Wand              |       |       |     5 |       ||     5
  Use: Scroll            |     1 |     1 |    18 |    11 ||    31
       Potion            |       |     3 |     2 |     5 ||    10
 Stab: Sleeping          |     3 |     7 |     4 |     4 ||    18
  Eat: Chunk             |     1 |     6 |    13 |    10 ||    30
       Bread ration      |       |       |     2 |       ||     2
       Fruit             |       |       |     3 |       ||     3
       Meat ration       |       |       |       |     2 ||     2
Armor: Skin              |    10 |     9 |     7 |    17 ||    43
Dodge: Dodged            |    56 |   103 |   294 |   331 ||   784
Block: Other             |       |       |       |    10 ||    10
       Buckler           |       |       |       |     5 ||     5
       Reflection        |       |       |       |     1 ||     1
